NYP
MAHONING VALLEY SCRAPPERS @ WILLIAMSPORT CROSSCUTTERS
08/12/2099
 
TOP OF THE 1ST
Mahoning Valley Scrappers batting - Pitching for Williamsport Crosscutters : LHP Orlando Ontiveros
Pitching: LHP Orlando Ontiveros
Batting: SHB Scott Durfee 0-0: Called Strike
0-1: Ball
1-1: Fly out, F8 (Flyball, 8RM, EV 89.4 MPH)
Batting: RHB Adam Van Leuven 0-0: Foul Ball, location: 2F
0-1: SINGLE (Line Drive, 4D, EV 95.6 MPH)
Batting: RHB Ed Donohue 0-0: TRIPLE (Groundball, 5L, EV 105.6 MPH)
Adam Van Leuven scores
Batting: LHB David Fernandez 0-0: SINGLE (Groundball, 3D, EV 82.5 MPH) (infield hit)
Ed Donohue scores
Batting: LHB Danny Wright 0-0: Ball
1-0: Foul Ball, location: 5DF
1-1: Swinging Strike
1-2: Ball
2-2: SINGLE (Line Drive, 9S, EV 109.4 MPH)
David Fernandez to second
Batting: RHB Ricky Cruz 0-0: Called Strike
0-1: Called Strike
0-2: Foul Ball, location: 7LDF
0-2: Ball
1-2: Strikes out looking
Batting: LHB Mark Grahn 0-0: Reached on error, E8 (Flyball, 8RD, EV 91.3 MPH)
David Fernandez scores
Danny Wright to third
Batting: RHB Danny Wheelock 0-0: Ball
1-0: Called Strike
1-1: Ball
2-1: Ground out 6-3 (Groundball, 6D, EV 104.4 MPH)
Top of the 1st over - 3 runs, 4 hits, 1 error, 2 left on base; Mahoning Valley 3 - Williamsport 0
BOTTOM OF THE 1ST
Williamsport Crosscutters batting - Pitching for Mahoning Valley Scrappers : RHP Karl Morgan
Pitching: RHP Karl Morgan
Batting: RHB Pete Jones 0-0: Called Strike
0-1: Ball
1-1: Ball
2-1: Swinging Strike
2-2: Ground out U3 (Groundball, 34, EV 82.5 MPH)
Batting: RHB Dave Maloney 0-0: Called Strike
0-1: Called Strike
0-2: Strikes out swinging
Batting: LHB Sean Myers 0-0: Called Strike
0-1: Called Strike
0-2: Foul Ball, location: 2F
0-2: Ball
1-2: Ball
2-2: Foul Ball, location: 7LSF
2-2: Foul Ball, location: 23F
2-2: DOUBLE (Line Drive, 5D, EV 103.1 MPH)
Batting: SHB Mike Mason 0-0: Ground out 5-3 (Groundball, 25, EV 86.3 MPH)
Bottom of the 1st over - 0 runs, 1 hit, 0 errors, 1 left on base; Mahoning Valley 3 - Williamsport 0
TOP OF THE 2ND
Mahoning Valley Scrappers batting - Pitching for Williamsport Crosscutters : LHP Orlando Ontiveros
Batting: RHB Kozo Komatsu 0-0: Swinging Strike
0-1: Ball
1-1: Called Strike
1-2: Strikes out swinging
Batting: SHB Scott Durfee 0-0: Ball
1-0: Foul Ball, location: 2F
1-1: Ball
2-1: Foul Ball, location: 7LSF
2-2: Ground out 6-3 (Groundball, 6, EV 80.0 MPH)
Batting: RHB Adam Van Leuven 0-0: Called Strike
0-1: Ball
1-1: DOUBLE (Line Drive, 89M, EV 110.0 MPH)
Batting: RHB Ed Donohue 0-0: Called Strike
0-1: Swinging Strike
0-2: Foul Ball, location: 3FF
0-2: Ball
1-2: Foul Ball, location: 9LMF
1-2: Ball
2-2: Ball
3-2: Foul Ball, location: 2F
3-2: Foul Ball, location: 25FF
3-2: Fly out, F7 (Flyball, 78S, EV 76.3 MPH)
Top of the 2nd over - 0 runs, 1 hit, 0 errors, 1 left on base; Mahoning Valley 3 - Williamsport 0
BOTTOM OF THE 2ND
Williamsport Crosscutters batting - Pitching for Mahoning Valley Scrappers : RHP Karl Morgan
Batting: RHB Randy Wagoner 0-0: Ball
1-0: Called Strike
1-1: Foul Ball, location: 2F
1-2: Strikes out swinging
Batting: RHB Luis Moncada 0-0: Ball
1-0: Called Strike
1-1: Swinging Strike
1-2: Foul Ball, location: 23F
1-2: Foul Ball, location: 2F
1-2: Fly out, F7 (Line Drive, 78M, EV 101.3 MPH)
Batting: LHB Tom Cline 0-0: Ball
1-0: Swinging Strike
1-1: Foul Ball, location: 7LDF
1-2: Strikes out looking
Bottom of the 2nd over - 0 runs, 0 hits, 0 errors, 0 left on base; Mahoning Valley 3 - Williamsport 0
TOP OF THE 3RD
Mahoning Valley Scrappers batting - Pitching for Williamsport Crosscutters : LHP Orlando Ontiveros
Batting: LHB David Fernandez 0-0: Ground out 4-3 (Groundball, 34, EV 105.6 MPH)
Batting: LHB Danny Wright 0-0: Ball
1-0: Foul Ball, location: 2F
1-1: Ground out 4-3 (Groundball, 4, EV 90.6 MPH)
Batting: RHB Ricky Cruz 0-0: Foul Ball, location: 3F
0-1: Foul Ball, location: 2F
0-2: Foul Ball, location: 9LSF
0-2: Strikes out swinging
Top of the 3rd over - 0 runs, 0 hits, 0 errors, 0 left on base; Mahoning Valley 3 - Williamsport 0
BOTTOM OF THE 3RD
Williamsport Crosscutters batting - Pitching for Mahoning Valley Scrappers : RHP Karl Morgan
Batting: RHB Manny Aguirre 0-0: Foul Ball, location: 5F
0-1: Ball
1-1: Fly out, F8 (Flyball, 8RD, EV 96.3 MPH)
Batting: LHB Miguel Salgado 0-0: Foul Ball, location: 7LSF
0-1: Ball
1-1: Ball
2-1: Swinging Strike
2-2: Strikes out swinging
Batting: RHB Pete Jones 0-0: Fly out, F7 (Flyball, 7, EV 91.9 MPH)
Bottom of the 3rd over - 0 runs, 0 hits, 0 errors, 0 left on base; Mahoning Valley 3 - Williamsport 0
TOP OF THE 4TH
Mahoning Valley Scrappers batting - Pitching for Williamsport Crosscutters : LHP Orlando Ontiveros
Batting: LHB Mark Grahn 0-0: Ball
1-0: Foul Ball, location: 7LDF
1-1: Foul Ball, location: 3F
1-2: Foul Ball, location: 2F
1-2: Ball
2-2: Foul Ball, location: 2F
2-2: Foul Ball, location: 5FF
2-2: Ball
3-2: Base on Balls
Batting: RHB Danny Wheelock 0-0: Called Strike
0-1: Swinging Strike
0-2: Ball
1-2: Strikes out swinging
Batting: RHB Kozo Komatsu 0-0: Ball
1-0: Foul Ball, location: 7LSF
1-1: Swinging Strike
1-2: Ball
2-2: Ball
3-2: Foul Ball, location: 2RF
3-2: Grounds into double play, 5-4-3 (Groundball, 56, EV 84.4 MPH)
Top of the 4th over - 0 runs, 0 hits, 0 errors, 0 left on base; Mahoning Valley 3 - Williamsport 0
BOTTOM OF THE 4TH
Williamsport Crosscutters batting - Pitching for Mahoning Valley Scrappers : RHP Karl Morgan
Batting: RHB Dave Maloney 0-0: Ball
1-0: Ball
2-0: Called Strike
2-1: Foul Ball, location: 25FF
2-2: Ball
3-2: Strikes out looking
Batting: LHB Sean Myers 0-0: Foul Ball, location: 2RF
0-1: Ball
1-1: Foul Ball, location: 2LF
1-2: Ball
2-2: Foul Ball, location: 7LSFF
2-2: Strikes out swinging
Batting: SHB Mike Mason 0-0: Ball
1-0: Ball
2-0: Ball
3-0: Base on Balls
Batting: RHB Randy Wagoner 0-0: Called Strike
0-1: Called Strike
0-2: Ball
1-2: Strikes out swinging
Bottom of the 4th over - 0 runs, 0 hits, 0 errors, 1 left on base; Mahoning Valley 3 - Williamsport 0
TOP OF THE 5TH
Mahoning Valley Scrappers batting - Pitching for Williamsport Crosscutters : LHP Orlando Ontiveros
Batting: SHB Scott Durfee 0-0: Ball
1-0: Called Strike
1-1: SINGLE (Groundball, 4MD, EV 106.9 MPH)
Batting: RHB Adam Van Leuven 0-0: Swinging Strike
0-1: Foul Ball, location: 2F
0-2: Foul Ball, location: 23F
0-2: Foul Ball, location: 2F
0-2: Strikes out swinging
Batting: RHB Ed Donohue 0-0: Called Strike
0-1: Fly out, F9 (Line Drive, 9, EV 85.0 MPH)
Batting: LHB David Fernandez 0-0: Called Strike
Scott Durfee is caught stealing 2nd base 2-6
Top of the 5th over - 0 runs, 1 hit, 0 errors, 0 left on base; Mahoning Valley 3 - Williamsport 0
BOTTOM OF THE 5TH
Williamsport Crosscutters batting - Pitching for Mahoning Valley Scrappers : RHP Karl Morgan
Batting: RHB Luis Moncada 0-0: Fly out, F7 (Flyball, 7D, EV 106.3 MPH)
Batting: LHB Tom Cline 0-0: Swinging Strike
0-1: Ball
1-1: Ball
2-1: Swinging Strike
2-2: Foul Ball, location: 2F
2-2: Strikes out swinging
Batting: RHB Manny Aguirre 0-0: Called Strike
0-1: Swinging Strike
0-2: Ball
1-2: Foul Ball, location: 2F
1-2: Strikes out swinging
Bottom of the 5th over - 0 runs, 0 hits, 0 errors, 0 left on base; Mahoning Valley 3 - Williamsport 0
TOP OF THE 6TH
Mahoning Valley Scrappers batting - Pitching for Williamsport Crosscutters : LHP Orlando Ontiveros
Batting: LHB David Fernandez 0-0: Ball
1-0: Ground out U3 (Groundball, 3, EV 103.1 MPH)
Batting: LHB Danny Wright 0-0: Ground out 4-3 (Groundball, 4, EV 90.6 MPH)
Batting: RHB Ricky Cruz 0-0: Ground out 5-3 (Groundball, 56, EV 81.3 MPH)
Top of the 6th over - 0 runs, 0 hits, 0 errors, 0 left on base; Mahoning Valley 3 - Williamsport 0
BOTTOM OF THE 6TH
Williamsport Crosscutters batting - Pitching for Mahoning Valley Scrappers : RHP Karl Morgan
Batting: LHB Miguel Salgado 0-0: Called Strike
0-1: Ball
1-1: SINGLE (Line Drive, 34D, EV 96.3 MPH)
Batting: RHB Pete Jones 0-0: Ball
1-0: Ball
2-0: Grounds into double play, 5-4-3 (Groundball, 56, EV 81.3 MPH)
Batting: RHB Dave Maloney 0-0: Called Strike
0-1: Ball
1-1: Ball
2-1: Foul Ball, location: 9LSF
2-2: Strikes out swinging
Bottom of the 6th over - 0 runs, 1 hit, 0 errors, 0 left on base; Mahoning Valley 3 - Williamsport 0
TOP OF THE 7TH
Mahoning Valley Scrappers batting - Pitching for Williamsport Crosscutters : LHP Orlando Ontiveros
Batting: LHB Mark Grahn 0-0: Called Strike
0-1: Ball
1-1: Swinging Strike
1-2: Ball
2-2: Strikes out swinging
Batting: RHB Danny Wheelock 0-0: Ball
1-0: Ground out 6-3 (Groundball, 6, EV 99.4 MPH)
Batting: RHB Kozo Komatsu 0-0: SINGLE (Groundball, 4D, EV 95.0 MPH)
Batting: SHB Scott Durfee 0-0: Called Strike
0-1: Ball
1-1: Ball
2-1: Called Strike
2-2: Strikes out swinging
Top of the 7th over - 0 runs, 1 hit, 0 errors, 1 left on base; Mahoning Valley 3 - Williamsport 0
BOTTOM OF THE 7TH
Williamsport Crosscutters batting - Pitching for Mahoning Valley Scrappers : RHP Karl Morgan
Batting: LHB Sean Myers 0-0: Ball
1-0: Foul Ball, location: 5SF
1-1: Called Strike
1-2: Foul Ball, location: 2F
1-2: Foul Ball, location: 2F
1-2: Foul Ball, location: 3FF
1-2: Foul Ball, location: 2F
1-2: Ball
2-2: Ball
3-2: Foul Ball, location: 3F
3-2: Strikes out swinging
Pitching: RHP Will Hinton
Batting: SHB Mike Mason 0-0: Hit by Pitch
Batting: RHB Randy Wagoner 0-0: Called Strike
0-1: Ball
1-1: Fielders Choice at 2nd, 3-6 (Groundball, 23, EV 86.3 MPH)
Batting: RHB Luis Moncada 0-0: Swinging Strike
0-1: Foul Ball, location: 25FF
0-2: Ball
1-2: Strikes out swinging
Bottom of the 7th over - 0 runs, 0 hits, 0 errors, 1 left on base; Mahoning Valley 3 - Williamsport 0
TOP OF THE 8TH
Mahoning Valley Scrappers batting - Pitching for Williamsport Crosscutters : LHP Orlando Ontiveros
Pitching: RHP Brian Denning
Batting: RHB Adam Van Leuven 0-0: Ball
1-0: Ball
2-0: Called Strike
2-1: Ground out 4-3 (Groundball, 4, EV 104.4 MPH)
Batting: RHB Ed Donohue 0-0: Ball
1-0: Ball
2-0: SINGLE (Groundball, 6M, EV 81.9 MPH)
Batting: LHB David Fernandez 0-0: Ball
1-0: Called Strike
1-1: Ball
2-1: Ball
3-1: Foul Ball, location: 3F, Error on foul ball, E3
3-2: Base on Balls
Ed Donohue to second
Batting: LHB Danny Wright 0-0: Called Strike
0-1: Swinging Strike
0-2: Foul Ball, location: 2F
0-2: Foul Ball, location: 3F
0-2: Ball
1-2: Ball
2-2: Foul Ball, location: 2F
2-2: Fly out, F9 (Flyball, 9D, EV 85.6 MPH)
Batting: RHB Ricky Cruz 0-0: Ball
1-0: Called Strike
1-1: Called Strike
1-2: Strikes out looking
Top of the 8th over - 0 runs, 1 hit, 1 error, 2 left on base; Mahoning Valley 3 - Williamsport 0
BOTTOM OF THE 8TH
Williamsport Crosscutters batting - Pitching for Mahoning Valley Scrappers : RHP Will Hinton
Batting: LHB Tom Cline 0-0: SINGLE (Flyball, 7LS, EV 92.5 MPH)
Batting: RHB Manny Aguirre 0-0: DOUBLE (Line Drive, 8RXD, EV 104.4 MPH)
Tom Cline to third
Batting: LHB Miguel Salgado 0-0: Swinging Strike
0-1: Foul Ball, location: 23F
0-2: Strikes out swinging
Batting: RHB Pete Jones 0-0: Fly out, F3 (Popup, 34, EV 79.4 MPH)
Batting: RHB Dave Maloney 0-0: Called Strike
0-1: Swinging Strike
0-2: Ball
1-2: Strikes out looking
Bottom of the 8th over - 0 runs, 2 hits, 0 errors, 2 left on base; Mahoning Valley 3 - Williamsport 0
TOP OF THE 9TH
Mahoning Valley Scrappers batting - Pitching for Williamsport Crosscutters : RHP Brian Denning
Pitching: RHP Miguel Corral
Batting: LHB Mark Grahn 0-0: Foul Ball, location: 7LMF
0-1: Called Strike
0-2: Strikes out swinging
Batting: RHB Danny Wheelock 0-0: Ball
1-0: Called Strike
1-1: Ball
2-1: Foul Ball, location: 25F
2-2: Ball
3-2: Strikes out swinging
Batting: LHB Jason Nitzel 0-0: Called Strike
0-1: Foul Ball, location: 2F
0-2: Ball
1-2: Strikes out swinging
Top of the 9th over - 0 runs, 0 hits, 0 errors, 0 left on base; Mahoning Valley 3 - Williamsport 0
BOTTOM OF THE 9TH
Williamsport Crosscutters batting - Pitching for Mahoning Valley Scrappers : RHP Will Hinton
Batting: LHB Sean Myers 0-0: Ball
1-0: Called Strike
1-1: DOUBLE (Line Drive, 9LS, EV 105.0 MPH)
Batting: SHB Mike Mason 0-0: Ground out 3-1 (Groundball, 34S, EV 88.8 MPH)
Sean Myers to third
Batting: RHB Randy Wagoner 0-0: Called Strike
0-1: Foul Ball, location: 5F
0-2: Strikes out swinging, 2-3 out at first.
Batting: RHB Luis Moncada 0-0: Called Strike
0-1: Ball
1-1: Ball
2-1: SINGLE (Groundball, 56D, EV 108.8 MPH)
Sean Myers scores
Batting: LHB Tom Cline 0-0: Ball
1-0: Foul Ball, location: 7LMF
1-1: SINGLE (Groundball, 34D, EV 98.8 MPH)
Luis Moncada to second
Batting: RHB Manny Aguirre 0-0: Foul Ball, location: 25F
0-1: Ball
1-1: Foul Ball, location: 9LMF
1-2: Strikes out swinging
Bottom of the 9th over - 1 run, 3 hits, 0 errors, 2 left on base; Mahoning Valley 3 - Williamsport 1
Tuesday, May 14th , 2024 - OOTP Baseball 24.11 Build 85